 Dungeon Sprint DCSS version 0.29-a0-517-gbdf32494f2 (webtiles) character file.

Game seed: 12855208827632082575

58 mhtbhm the Skirmisher (level 3, -5/30 (33) HPs)
             Began as a Demonspawn Berserker on May 30, 2022.
             Was a Priest of Trog.
             Slain by a necrophage (6 damage)
             ... in the Dungeon (Sprint IX: "|||||||||||||||||||||||||||||").
             The game lasted 00:00:19 (91 turns).

mhtbhm the Skirmisher (Demonspawn Berserker)          Turns: 91, Time: 00:00:20

HP:   -5/30 (33)    AC:  2    Str: 19    XL:     3   Next: 76%
MP:   3/3           EV: 12    Int:  8    God:    Trog [***...]
Gold: 0             SH:  0    Dex: 12    Spells: 2/2 levels left

rFire   . . .      SeeInvis .   a - +0 mace
rCold   . . .      Faith    .   (no shield)
rNeg    . . .      Spirit   .   b - +0 animal skin
rPois   .          Reflect  .   (helmet restricted)
rElec   .          Harm     .   (no cloak)
rCorr   .          Rampage  .   (no gloves)
Will    .....      NoTele   +   (no boots)
Stlth   ++........              (no amulet)
HPRegen 0.10/turn               (no ring)
MPRegen 0.08/turn               (no ring)

@: on berserk cooldown, slowed, drained, very slow
A: horns 1, ignite blood 1
a: Renounce Religion, Berserk, Trog's Hand


You were in the Dungeon.
You worshipped Trog.
Trog was most pleased with you.
You visited 1 branch

Inventory:

Hand Weapons
 a - a +0 mace (weapon)
Armour
 b - a +0 animal skin (worn)
Scrolls
 h - a scroll of blinking
Potions
 c - a potion of curing
 e - a potion of haste
 f - 2 potions of magic
 g - a potion of berserk rage


   Skills:
 + Level 5.3 Fighting
 + Level 5.2 Maces & Flails
 + Level 2.4 Armour
 + Level 2.7 Dodging
 + Level 1.2 Stealth


You had 2 spell levels left.
You didn't know any spells.
Your spell library was empty.

Dungeon Overview and Level Annotations

Branches:
Dungeon (1/1)

Altars:


Innate Abilities, Weirdness & Mutations

You have a pair of small horns on your head.
Your demonic aura sometimes causes spilled blood to erupt in flames.


Message History

You barely miss the necrophage.
The necrophage is moderately damaged.
The necrophage hits you but does no damage.
The necrophage closely misses you.
You hit the necrophage but do no damage.
The necrophage is moderately damaged.
The necrophage hits you.
* * * LOW HITPOINT WARNING * * *
The necrophage closely misses you.
Unknown command.
You feel much better. The necrophage closely misses you.
You hit the necrophage but do no damage.
You headbutt the necrophage.
The necrophage is moderately damaged.
The necrophage barely misses you. The necrophage hits you.
You closely miss the necrophage.
The necrophage is moderately damaged.
The necrophage barely misses you. The necrophage closely misses you.
You hit the necrophage but do no damage.
The necrophage is moderately damaged.
The necrophage hits you.
You feel drained.
You hit the necrophage. You headbutt the necrophage.
The necrophage is heavily damaged.
The necrophage hits you.
The necrophage hits you but does no damage.
You closely miss the necrophage. You headbutt the necrophage.
The necrophage is severely damaged.
The necrophage hits you.
* * * LOW HITPOINT WARNING * * *
You feel drained.
* * * LOW HITPOINT WARNING * * *
You barely miss the necrophage.
The necrophage is severely damaged.
The necrophage misses you. The necrophage barely misses you.
You hit the necrophage.
The necrophage is almost destroyed.
The necrophage hits you.
* * * LOW HITPOINT WARNING * * *
The necrophage hits you.
You die...

▓+▓
▓.▓
▓.▓
▓.▓
▓.▓
▓.▓
▓n▓
▓@▓
▓.▓
▓.▓
▓.▓
▓†▓
▓'▓
▓.▓
▓.▓
▓.▓


You could see a necrophage.

Vanquished Creatures
  A howler monkey (D)
  A shadow imp (D)
  2 orcs (D)
  A ball python (D)
  2 endoplasms (D)
  A giant cockroach (D)
  A bat (D)
9 creatures vanquished.

Notes
Turn   | Place    | Note
-------+----------+-------------------------------------------
     0 | D        | mhtbhm the Demonspawn Berserker began the quest for the
                  | Orb.
     0 | D        | Reached XP level 1. HP: 18/18 MP: 1/1
    10 | D        | Reached ** piety under Trog
    61 | D        | Noticed a necrophage
    61 | D        | Noticed a howler monkey
    66 | D        | Gained mutation: You have a pair of small horns on your
                  | head. [demonic ancestry]
    66 | D        | Reached XP level 2. HP: 25/25 MP: 2/2
    67 | D        | Reached *** piety under Trog
    77 | D        | Killed a howler monkey
    78 | D        | Reached skill level 5 in Fighting
    78 | D        | Reached skill level 5 in Maces & Flails
    78 | D        | Reached skill level 1 in Stealth
    78 | D        | Gained mutation: Your demonic aura sometimes causes spilled
                  | blood to erupt in flames. [demonic ancestry]
    78 | D        | Reached XP level 3. HP: 13/33 MP: 3/3
    91 | D        | HP: 1/30 [necrophage (1)]
    91 | D        | Slain by a necrophage

Illustrated notes

Levels and vault maps discovered:
D:        linesprint [early_d, line_temple, items_1, d_10, items_2, lair_1,
          lair_end, items_3, orc_1, orc_end, items_4, d_15, swamp_1, shoals_1,
          snake_1, spider_1, d_20, vaults_1, items_5, swamp_end, shoals_end,
          snake_end, spider_end, vaults_end, d_27, items_6, zot_1, zot_end,
          crypt_end, forest_end, elf_end, slime_end, tomb_end, abyss_end,
          pan_hell_end]

Skill      XL: |  1  2 |
---------------+-------+-----
Maces & Flails | 3 5 |  5.2
Armour         | 2 |  2.4
Dodging        | 2 |  2.7
Fighting       | 5 |  5.3
Stealth        | 1 |  1.2

Action                   || total
-------------------------++-------
Melee: Mace              ||    36
       Headbutt          ||     4
Invok: Berserk           ||     2
  Use: Potion            ||     1
 Stab: Sleeping          ||     1
Armor: Animal skin       ||     5
Dodge: Dodged            ||    16

Table legend: (Time is in decaauts)
 A = Elapsed time spent in this place.
 B = Non-inter-level travel time spent in this place.
 C = Inter-level travel time spent in this place.
 D = Time resting spent in this place.
 E = Time spent auto-exploring this place.
 F = Levels seen in this place.
 G = Mean time per level.
                   A        B        C        D        E       F      G
               +--------+--------+--------+--------+--------+-----+--------+
         Total |    103 |    103 |      0 |     53 |      3 |   1 |  103.0 |
       Dungeon |    103 |    103 |      0 |     53 |      3 |   1 |  103.0 |
               +--------+--------+--------+--------+--------+-----+--------+

Top non-repeatable levels by time:
       D: 103 daAuts
